 Dungeon Crawl Stone Soup version 0.23.2-40-g277498a001 (webtiles) character file.

Game seed: 11977945402677953082

11 DildoBatman the Magician (level 2, 0/19 HPs)
             Began as a Formicid Wizard on Sept 27, 2019.
             Hit by a stone thrown by a kobold (1 damage)
             ... on level 1 of the Dungeon.
             The game lasted 00:01:44 (442 turns).

DildoBatman the Magician (Formicid Wizard)           Turns: 442, Time: 00:01:45

Health: 0/19       AC:  2    Str: 11    XL:     2   Next: 35%
Magic:  1/6        EV: 12    Int: 17    God:
Gold:   14         SH:  0    Dex:  9    Spells: 6/7 levels left

rFire    . . .     SeeInvis +   a - +1 spear (flame)
rCold    . . .     Gourm    .   (no shield)
rNeg     . . .     Faith    .   f - +0 robe
rPois    .         Spirit   .   (helmet unavailable)
rElec    .         Reflect  .   (no cloak)
rCorr    .         Harm     .   (no gloves)
MR       .....                  (no boots)
Stlth    ++........             (no amulet)
HPRegen  0.06/turn              (no ring)
MPRegen  0.10/turn              (no ring)

@: no status effects
A: permanent stasis, dig shafts and tunnels, four strong arms, antennae 3
a: Dig, Shaft Self


You were on level 1 of the Dungeon.
You were not hungry.

You visited 1 branch of the dungeon, and saw 1 of its levels.

You collected 14 gold pieces.

Inventory:

Hand Weapons
 a - a +1 spear of flaming (weapon)
Missiles
 d - 28 stones (quivered)
 e - 11 poisoned needles
 g - 4 arrows
Armour
 f - a +0 robe (worn)
Scrolls
 c - a scroll of immolation {unknown}
Comestibles
 b - 3 chunks of flesh
 v - 2 rations


   Skills:
 - Level 1.7 Dodging
 - Level 2.4 Stealth
 - Level 3.2 Spellcasting
 * Level 2.0 Conjurations
   Level 1.0 Summonings
   Level 0.8 Translocations


You had 6 spell levels left.
You knew the following spells:

 Your Spells              Type           Power        Failure   Level  Hunger
c - Magic Dart            Conj           #...         8%          1    None

Your spell library contained the following spells:

 Spells                   Type           Power        Failure   Level  Hunger
 Call Imp                 Summ           #.......     17%         2    ##.....
 Slow                     Hex            #.......     26%         2    ##.....
 Conjure Flame            Conj/Fire      #.......     32%         3    ###....
 Mephitic Cloud           Conj/Pois/Air  #.......     36%         3    ###....
 Blink                    Tloc           Unusable     N/A         2    N/A

Dungeon Overview and Level Annotations

Branches:
Dungeon (1/15)

Altars:


Innate Abilities, Weirdness & Mutations

You cannot be hasted, slowed, berserked, paralysed or teleported.
You can dig through walls and to a lower floor.
Your four strong arms can wield two-handed weapons with a shield.
You have a pair of large antennae on your head. (SInv)


Message History

You see here 9 gold pieces.
Casting: Magic Dart (safe; 8% risk of failure)
Confirm with . or Enter, or press ? or * to list all spells.
You don't have enough magic to cast that spell.
You hit the kobold. You burn the kobold.
The kobold is severely wounded.
The kobold hits you with a +0 whip.
You barely miss the kobold.
The kobold is severely wounded.
The kobold hits you with a +0 whip.
You closely miss the kobold.
The kobold is severely wounded.
The kobold hits you with a +0 whip.
You hit the kobold. You burn the kobold.
You kill the kobold!
The kobold throws a stone.
The stone hits you.
You die...

##.......####
.#.#..#.....#..###
.'.#..#.....# .)..
.#.#........# ....
##.#........#. ..#
P#............#...
P###........####K# ##
#...###### #)# #...#
#@######.# ##...###
#.$...†..# #.....)#
#.(####### #......#
####.(# #......#
#.....########
#......####............#
###+###.......÷..#####.#
#.####.#...# #.#
.......#


You could see a kobold.

Vanquished Creatures
  A dart slug (D:1)
  2 giant cockroaches (D:1)
  A hobgoblin (D:1)
  A kobold (D:1)
  4 rats (D:1)
9 creatures vanquished.

Notes
Turn   | Place    | Note
-------+----------+-------------------------------------------
     0 | D:1      | DildoBatman the Formicid Wizard began the quest for the
                  | Orb.
     0 | D:1      | Reached XP level 1. HP: 13/13 MP: 4/4
    20 | D:1      | Reached skill level 1 in Conjurations
   341 | D:1      | Reached XP level 2. HP: 17/19 MP: 0/6
   442 | D:1      | Hit by a stone thrown by a kobold

Skill      XL: |  1  2 |
---------------+-------+-----
Conjurations   | 1 2 |  2.0
Dodging        | |  1.7
Stealth        | |  2.4
Spellcasting   | |  3.2
Summonings     | |  1.0
Translocations | |  0.8

Action                   || total
-------------------------++-------
Melee: Unarmed           ||     4
       Club              ||     3
       Spear             ||     5
 Cast: Magic Dart        ||    30
 Abil: Dig               ||     1
Armor: Robe              ||     3
Dodge: Dodged            ||    15
